General information
- name: BNet
- type: Ladder team game (AT/RT)
- host: Battle.net
- saver: duessues
map: UpperKingdom
- players: 6
- length: 23:08
- speed: Fast
- version: 1.21 W3XP
- replay type: Public
» download(172 KB)
Players
team 1 (loser)
Di.DeathMetaI (
orange | 51 APM | 1166 actions | 22:56)
4 Death Knight
2 Death Coil
2 Unholy Aura
3 Lich
2 Frost Nova
1 Frost Armor
» actions
| Assign group hotkey | 136 | |
| Build / train | 62 | |
| Enter build submenu | 12 | |
| Enter hero's abilities submenu | 7 | |
| Right click | 457 | |
| Select / deselect | 282 | |
| Select group hotkey | 142 | |
| Use ability | 68 | |
1166 total
» units
| Acolyte | 2 | |
| Ghoul | 2 | |
| Crypt Fiend | 22 | |
| Obsidian Statue | 2 | |
| Gargoyle | 7 | |
35 total
» upgrades
| Burrow | 1 | |
| Web | 1 | |
| Creature Attack | 1 | |
| Creature Carapace | 1 | |
4 total
» buildings
| Graveyard | 1 | |
| Crypt | 2 | |
| Ziggurat | 6 | |
| Altar of Darkness | 1 | |
| Tomb of Relics | 1 | |
| Halls of the Dead | 1 | |
| Slaughterhouse | 1 | |
| Black Citadel | 1 | |
| Spirit Tower | 3 | |
17 total
» build order
00:25 Graveyard
00:27 Crypt
00:40 Ziggurat
01:04 Altar of Darkness
01:18 Ziggurat
02:43 Tomb of Relics
04:07 Ziggurat
05:34 Halls of the Dead
06:49 Ziggurat
08:31 Crypt
09:18 Slaughterhouse
11:39 Ziggurat
13:26 Black Citadel
14:35 Ziggurat
18:48 Spirit Tower
18:52 Spirit Tower
21:00 Spirit Tower
» items
| Rod of Necromancy | 3 | |
| Potion of Healing | 3 | |
| Potion of Mana | 1 | |
| Scroll of Town Portal | 2 | |
9 total
SpermFeather (
pink | 95 APM | 2198 actions | 23:06)
4 Death Knight
2 Death Coil
2 Unholy Aura
4 Lich
2 Frost Nova
2 Dark Ritual
» actions
| Assign group hotkey | 45 | |
| Basic commands | 75 | |
| Build / train | 69 | |
| Enter build submenu | 19 | |
| Enter hero's abilities submenu | 8 | |
| Give item / drop item | 2 | |
| Right click | 892 | |
| Select / deselect | 272 | |
| Select group hotkey | 677 | |
| Use ability | 137 | |
2198 total
» units
| Acolyte | 9 | |
| Ghoul | 3 | |
| Crypt Fiend | 9 | |
| Obsidian Statue | 6 | |
| Gargoyle | 1 | |
| Abomination | 2 | |
30 total
» upgrades
| Burrow | 1 | |
| Web | 1 | |
| Creature Attack | 1 | |
| Creature Carapace | 1 | |
| Destroyer Form | 1 | |
| Disease Cloud | 2 | |
7 total
» buildings
| Crypt | 1 | |
| Graveyard | 1 | |
| Altar of Darkness | 1 | |
| Ziggurat | 11 | |
| Tomb of Relics | 1 | |
| Nerubian Tower | 2 | |
| Halls of the Dead | 1 | |
| Sacrificial Pit | 1 | |
| Slaughterhouse | 2 | |
| Black Citadel | 3 | |
| Necropolis | 1 | |
25 total
» build order
00:19 Crypt
00:23 Graveyard
00:41 Altar of Darkness
00:56 Ziggurat
01:16 Tomb of Relics
01:51 Ziggurat
03:34 Ziggurat
05:34 Nerubian Tower
05:52 Halls of the Dead
06:41 Ziggurat
09:10 Sacrificial Pit
09:13 Slaughterhouse
09:14 Slaughterhouse
10:54 Black Citadel
10:54 Black Citadel
11:32 Ziggurat
11:33 Ziggurat
11:34 Ziggurat
11:36 Necropolis
12:29 Nerubian Tower
20:47 Ziggurat
20:47 Ziggurat
20:48 Ziggurat
20:48 Ziggurat
» items
| Rod of Necromancy | 3 | |
| Sacrificial Skull | 2 | |
| Dust of Appearance | 2 | |
| Potion of Healing | 1 | |
| Potion of Mana | 1 | |
| Scroll of Town Portal | 2 | |
| Scroll of Healing | 2 | |
| Orb of Corruption | 1 | |
14 total
yourasianlover (
teal | 50 APM | 1146 actions | 22:52)
5 Priestess of the Moon
3 Searing Arrows
2 Trueshot Aura
» actions
| Assign group hotkey | 51 | |
| Basic commands | 8 | |
| Build / train | 100 | |
| Enter build submenu | 16 | |
| Enter hero's abilities submenu | 5 | |
| Give item / drop item | 1 | |
| Remove unit from queue | 2 | |
| Right click | 571 | |
| Select / deselect | 312 | |
| Select group hotkey | 29 | |
| Use ability | 51 | |
1146 total
» units
| Wisp | 23 | |
| Huntress | 22 | |
| Dryad | 18 | |
| Mountain Giant | 3 | |
66 total
» upgrades
| Abolish Magic | 1 | |
| Druid of the Claw Training | 1 | |
| Resistant Skin | 1 | |
3 total
» buildings
| Altar of Elders | 1 | |
| Moon Well | 5 | |
| Hunter's Hall | 1 | |
| Ancient of War | 3 | |
| Ancient Protector | 1 | |
| Tree of Ages | 2 | |
| Tree of Eternity | 1 | |
| Ancient of Lore | 4 | |
| Ancient of Wonders | 1 | |
19 total
» build order
00:09 Altar of Elders
00:19 Moon Well
01:34 Hunter's Hall
02:01 Ancient of War
02:16 Ancient of War
02:39 Ancient Protector
02:59 Ancient of War
03:03 Moon Well
03:53 Moon Well
06:03 Tree of Ages
06:04 Tree of Ages
08:25 Tree of Eternity
08:29 Ancient of Lore
08:30 Ancient of Lore
09:03 Moon Well
10:49 Ancient of Lore
10:58 Ancient of Lore
13:17 Ancient of Wonders
14:25 Moon Well
» items
| Scroll of Town Portal | 5 | |
| Potion of Healing | 5 | |
10 total
team 2 (winner)
afflicted_chick (
green | 74 APM | 1719 actions | 23:07)
5 Priestess of the Moon
2 Searing Arrows
3 Trueshot Aura
5 Keeper of the Grove
2 Entangling Roots
3 Thorns Aura
» actions
| Assign group hotkey | 52 | |
| Basic commands | 25 | |
| Build / train | 73 | |
| Enter build submenu | 17 | |
| Enter hero's abilities submenu | 10 | |
| Right click | 1242 | |
| Select / deselect | 251 | |
| Select group hotkey | 21 | |
| Use ability | 28 | |
1719 total
» units
| Wisp | 26 | |
| Huntress | 5 | |
| Chimaera | 7 | |
| Hippogryph | 10 | |
48 total
» upgrades
| Strength of the Wild | 3 | |
| Reinforced Hides | 2 | |
| Corrosive Breath | 1 | |
6 total
» buildings
| Altar of Elders | 1 | |
| Moon Well | 9 | |
| Hunter's Hall | 1 | |
| Ancient of War | 2 | |
| Tree of Ages | 1 | |
| Tree of Eternity | 1 | |
| Ancient of Wind | 1 | |
| Chimaera Roost | 2 | |
| Tree of Life | 1 | |
19 total
» build order
00:19 Altar of Elders
00:24 Moon Well
02:07 Hunter's Hall
02:10 Ancient of War
02:32 Ancient of War
02:55 Moon Well
03:10 Tree of Ages
04:22 Moon Well
05:59 Tree of Eternity
06:00 Ancient of Wind
06:35 Moon Well
08:22 Chimaera Roost
08:25 Chimaera Roost
09:08 Moon Well
10:54 Moon Well
12:28 Tree of Life
13:28 Moon Well
19:56 Moon Well
22:10 Moon Well
» items
| Healing Salve | 1 | |
| Scroll of Speed | 1 | |
2 total
ClarkeO.OKent (
purple | 91 APM | 2104 actions | 23:07)
7 Tauren Chieftain
3 Shockwave
3 Endurance Aura
1 Reincarnation
» actions
| Assign group hotkey | 235 | |
| Basic commands | 190 | |
| Build / train | 69 | |
| Enter build submenu | 18 | |
| Enter hero's abilities submenu | 7 | |
| Give item / drop item | 1 | |
| Right click | 642 | |
| Select / deselect | 324 | |
| Select group hotkey | 506 | |
| Use ability | 112 | |
2104 total
» units
| Peon | 14 | |
| Grunt | 10 | |
| Troll Witch Doctor | 10 | |
| Tauren | 10 | |
44 total
» upgrades
| Witch Doctor Training | 2 | |
| Pulverize | 1 | |
| Armor | 1 | |
| Reinforced Defenses | 1 | |
5 total
» buildings
| Altar of Storms | 1 | |
| Orc Burrow | 7 | |
| Barracks | 1 | |
| Stronghold | 1 | |
| Voodoo Lounge | 1 | |
| War Mill | 1 | |
| Spirit Lodge | 1 | |
| Watch Tower | 2 | |
| Fortress | 1 | |
| Tauren Totem | 2 | |
| Great Hall | 1 | |
19 total
» build order
00:08 Altar of Storms
00:23 Orc Burrow
00:37 Barracks
01:47 Orc Burrow
02:40 Stronghold
02:56 Orc Burrow
03:26 Voodoo Lounge
04:31 Orc Burrow
04:36 War Mill
05:23 Spirit Lodge
06:46 Watch Tower
09:04 Orc Burrow
09:07 Watch Tower
09:29 Fortress
10:33 Orc Burrow
12:04 Tauren Totem
12:12 Tauren Totem
15:07 Orc Burrow
20:26 Great Hall
» items
| Lesser Clarity Potion | 1 | |
| Healing Salve | 2 | |
| Scroll of Town Portal | 1 | |
| Potion of Mana | 2 | |
| Potion of Healing | 1 | |
| Orb of Lightning | 3 | |
10 total
duessues (
red | 163 APM | 3778 actions | 23:08)
4 Death Knight
2 Death Coil
2 Unholy Aura
3 Lich
2 Frost Nova
1 Frost Armor
» actions
| Assign group hotkey | 20 | |
| Basic commands | 164 | |
| Build / train | 47 | |
| ESC pressed | 10 | |
| Enter build submenu | 14 | |
| Enter hero's abilities submenu | 7 | |
| Right click | 1464 | |
| Select / deselect | 172 | |
| Select group hotkey | 1837 | |
| Use ability | 43 | |
3778 total
» units
| Acolyte | 4 | |
| Ghoul | 4 | |
| Crypt Fiend | 9 | |
| Frost Wyrm | 7 | |
24 total
» upgrades
| Creature Carapace | 2 | |
| Creature Attack | 2 | |
| Web | 1 | |
| Freezing Breath | 1 | |
6 total
» buildings
| Crypt | 1 | |
| Altar of Darkness | 1 | |
| Ziggurat | 7 | |
| Graveyard | 1 | |
| Tomb of Relics | 1 | |
| Halls of the Dead | 1 | |
| Black Citadel | 1 | |
| Sacrificial Pit | 1 | |
| Boneyard | 2 | |
16 total
» build order
00:33 Crypt
00:35 Altar of Darkness
00:38 Ziggurat
00:59 Graveyard
01:13 Tomb of Relics
01:53 Ziggurat
02:58 Halls of the Dead
05:38 Black Citadel
05:40 Sacrificial Pit
08:29 Boneyard
08:31 Boneyard
08:33 Ziggurat
09:21 Ziggurat
09:23 Ziggurat
12:00 Ziggurat
15:13 Ziggurat
» items
| Rod of Necromancy | 2 | |
| Potion of Healing | 1 | |
| Potion of Mana | 1 | |
| Healing Salve | 1 | |
| Scroll of Town Portal | 1 | |
6 total
Chat log
(00:07 / All) SpermFeather: i love u guys
(00:09 / Allies) afflicted_chick: u better carry us
(00:11 / All) SpermFeather: no matter what happens
(00:11 / All) duessues: hi =p
(00:13 / All) SpermFeather: ok?
(00:13 / Allies) afflicted_chick: paul
(00:23 / All) duessues: ilu2
(00:28 / All) afflicted_chick: hate u all
(00:32 / All) SpermFeather: no
(00:33 / All) yourasianlover: HII ABBY!
(00:35 / Allies) ClarkeO.OKent: i don't need to carry, we're awesome tonight
(00:48 / All) afflicted_chick: HI TINA
(00:52 / All) ClarkeO.OKent: i was gonna go easy, but then you didn't say hi to me ><
(01:00 / All) yourasianlover: ....
(01:08 / All) ClarkeO.OKent: the gloves are off !
(01:09 / All) duessues: Lol
(01:13 / All) Di.DeathMetaI: clark
(01:15 / All) Di.DeathMetaI: get laid.
(01:15 / All) Di.DeathMetaI: plz
(01:23 / All) Di.DeathMetaI: baby im just kidding.
(01:26 / All) ClarkeO.OKent: learn sarcasm
(01:27 / All) ClarkeO.OKent: plz
(01:33 / All) Di.DeathMetaI: row a boat?
(01:42 / All) duessues: suck a nut?
(01:44 / All) ClarkeO.OKent: suck a duck ?
(01:46 / All) duessues: suck my nuts?
(01:46 / All) Di.DeathMetaI: your job.
(01:47 / All) duessues: kekeke
(02:06 / All) ClarkeO.OKent: don't worry, im bad at 3s
(02:39 / All) ClarkeO.OKent: tina keep going with wisp
(02:51 / All) ClarkeO.OKent: or share control
(03:00 / Allies) duessues: rofl
(03:00 / Allies) duessues: nice
(03:57 / Allies) ClarkeO.OKent: need a tp probly
(04:01 / Allies) duessues: k
(04:05 / Allies) duessues: brt
(04:42 / Allies) ClarkeO.OKent: k we're doing pretty good i think
(04:58 / Allies) afflicted_chick: what should i tech to
(04:58 / Allies) afflicted_chick: ?
(05:07 / Allies) ClarkeO.OKent: chims still
(05:10 / All) afflicted_chick: k
(06:17 / Allies) afflicted_chick: b?
(06:21 / Allies) ClarkeO.OKent: ya
(08:40 / Allies) duessues: expo?
(08:41 / Allies) ClarkeO.OKent: anyone spare wood?
(08:57 / Allies) ClarkeO.OKent: hit tina
(09:03 / Allies) duessues: k
(09:11 / Allies) duessues: no tp on me btw
(09:11 / All) yourasianlover: so paul
(09:21 / All) ClarkeO.OKent: so tina ?
(09:22 / All) yourasianlover: best thing i think u should do is give her a rose
(09:39 / All) ClarkeO.OKent: ah, yeah i thought about that
(10:39 / Allies) duessues: b?
(11:02 / Allies) duessues: gogo ward in base
(11:03 / Allies) duessues: ekkeekk
(11:24 / Allies) ClarkeO.OKent: im surprised she has a prot in her base
(12:49 / Allies) afflicted_chick: they know im giong chims
(12:59 / Allies) ClarkeO.OKent: its ok
(13:30 / Allies) ClarkeO.OKent: together
(13:31 / Allies) ClarkeO.OKent: fountain?
(14:33 / Allies) ClarkeO.OKent: damn heal wards...
(14:45 / Allies) ClarkeO.OKent: web?
(14:47 / Allies) ClarkeO.OKent: nvm
(15:23 / Allies) duessues: nice
(15:24 / Allies) duessues: very nice
(15:45 / All) yourasianlover: HACK
(15:46 / All) yourasianlover: WOW
(17:19 / Allies) ClarkeO.OKent: gah i tped
(17:34 / Allies) ClarkeO.OKent: gg tho we got it
(17:55 / Allies) ClarkeO.OKent: btw a moment ago tina said the guy we were 3sing with said i was really bad at 3s lol
(18:04 / Allies) afflicted_chick: paul
(18:06 / Allies) afflicted_chick: why are you so mean
(18:06 / Allies) duessues: haha
(18:10 / Allies) ClarkeO.OKent: what?
(18:11 / Allies) ClarkeO.OKent: ...
(18:17 / Allies) ClarkeO.OKent: seriously...
(18:20 / Allies) afflicted_chick: lowering our confidence
(18:23 / Allies) afflicted_chick: and spermfeather is good
(18:26 / Allies) afflicted_chick: ive played with him
(18:30 / Allies) ClarkeO.OKent: lowering our confidence
(18:32 / Allies) ClarkeO.OKent: what are you talking about
(18:34 / Allies) duessues: we need more anti air
(18:50 / Allies) ClarkeO.OKent: what do you mean lowering your confidence
(18:55 / Allies) afflicted_chick: by saying
(18:56 / Allies) afflicted_chick: they suck
(18:59 / Allies) duessues: set up stat traps?
(19:01 / Allies) ClarkeO.OKent: i didn't
(19:08 / Allies) ClarkeO.OKent: i said she said i sucked
(19:15 / All) yourasianlover: massing airs cant always win
(19:25 / All) Di.DeathMetaI: this is true
(19:27 / Allies) afflicted_chick: nvm
(19:31 / Allies) afflicted_chick: im an english cabbage
(19:33 / Allies) afflicted_chick: im foriegn
(19:35 / Allies) afflicted_chick: dont blame me
(19:57 / Allies) ClarkeO.OKent: they didn't suck, we had like insane scouting/timing/etc
(20:10 / Allies) duessues: plan?
(20:48 / All) yourasianlover: hack more pleasee
(20:53 / All) Di.DeathMetaI: you are obvious.
(20:56 / All) Di.DeathMetaI: by alot.
(20:57 / All) ClarkeO.OKent: watch replay
(20:59 / All) afflicted_chick: kidding right?
(21:01 / All) Di.DeathMetaI: np
(21:04 / All) duessues: don't lie we're hackers
(21:05 / All) ClarkeO.OKent: thx for insulting someone you've gamed with for like half a year tho
(21:11 / All) yourasianlover: stfu paul
(21:13 / All) Di.DeathMetaI: who are you?
(21:15 / All) yourasianlover: seriously
(21:44 / Allies) ClarkeO.OKent: you really think im being an ass astrid?
(21:46 / Allies) ClarkeO.OKent: jw
(21:50 / Allies) duessues: no hse doesnt
(21:50 / Allies) afflicted_chick: no
(21:51 / Allies) duessues: she
(22:00 / Allies) ClarkeO.OKent: look how pissed she is getting
(22:06 / Allies) duessues: haha
(22:14 / Allies) duessues: get to stunt raps
(22:16 / Allies) duessues: traps
(22:51 / All) yourasianlover: gg hackers
(22:53 / All) duessues: ty
(22:54 / All) Di.DeathMetaI: you guys are pretty shitty tbh.
(23:00 / All) duessues: we've got pretty pro hacks
(23:03 / All) duessues: you should get some
(23:05 / All) afflicted_chick: who got pwnt?